[Event "EYCC Girls-U10 2019"]
[Site "Bratislava"]
[Date "2019.08.06"]
[Round "5.22"]
[White "Salmina, Veronika"]
[Black "Mihaeli, Shira"]
[Result "1-0"]
[ECO "D06"]
[WhiteElo "1335"]
[BlackElo "1172"]
[Annotator "NA"]
[PlyCount "65"]
[EventDate "2019.08.02"]
[EventType "swiss"]
[EventCountry "SVK"]
[SourceTitle "playchess.com"]
[Source "ChessBase"]
[SourceQuality "1"]
[TimeControl "40/5400+30:1800+30"]

1. d4 d5 2. c4 Bf5 3. cxd5 Bxb1 4. Qa4+ c6 5. Rxb1 Qxd5 6. Nf3 e6 7. Bg5 Nd7 8. a3 Bd6 9. e3 Ngf6 10. Bd3 O-O 11. O-O Ne4 12. Bh4 Ndf6 13. Qc2 Rae8 14. Bxf6 Nxf6 15. e4 Bxh2+ 16. Nxh2 Qh5 17. e5 Nd5 18. Qe2 Qh6 19. Ng4 Qg5 20. Qe4 f5 21. exf6 Nxf6 22. Nxf6+ Rxf6 23. Qxh7+ Kf7 24. f4 Qd5 25. Qe4 Qh5 26. Rf3 Qg4 27. Re1 Rh8 28. f5 Qg5 29. fxe6+ Ke7 30. Rxf6 gxf6 31. Qg6 Rh1+ 32. Kf2 Qh4+ 33. Kf3 1-0

[Event "EYCC Girls-U10 2019"]
[Site "Bratislava"]
[Date "2019.08.07"]
[Round "6.1"]
[White "Hnatyshyn, Anastasiia"]
[Black "Shukhman, Anna"]
[Result "0-1"]
[ECO "A46"]
[WhiteElo "1380"]
[BlackElo "1806"]
[Annotator "NA"]
[PlyCount "82"]
[EventDate "2019.08.02"]
[EventType "swiss"]
[EventCountry "SVK"]
[SourceTitle "playchess.com"]
[Source "ChessBase"]
[SourceQuality "1"]
[TimeControl "40/5400+30:1800+30"]

1. d4 Nf6 2. Nf3 c5 3. Bf4 cxd4 4. Nxd4 e5 5. Bxe5 Qa5+ 6. Nc3 Qxe5 7. e3 Bb4 8. Be2 O-O 9. O-O Nc6 10. Nf3 Qa5 11. Nb5 a6 12. Nbd4 d5 13. a3 Bd6 14. Bd3 Qc7 15. h3 Bd7 16. c3 Rfe8 17. Qc2 Ne4 18. Rad1 Qc8 19. Rfe1 Nxd4 20. exd4 Nf6 21. Qb3 b5 22. Ne5 Qc7 23. f4 Bc6 24. Qc2 Rad8 25. Re2 Ne4 26. Rde1 Bb7 27. Bxe4 dxe4 28. g3 Qc8 29. Kh2 Bxe5 30. fxe5 Qe6 31. Rf2 Qh6 32. Rf4 Bd5 33. Qe2 Qb6 34. Qf2 Rd7 35. Rf1 a5 36. Qd2 b4 37. axb4 axb4 38. Rg4 bxc3 39. bxc3 Ra7 40. Qf4 Ra2+ 41. Kg1 e3 0-1

[Event "EYCC Girls-U10 2019"]
[Site "Bratislava"]
[Date "2019.08.07"]
[Round "6.2"]
[White "Iudina, Veronika"]
[Black "Goriachkina, Oksana"]
[Result "1-0"]
[ECO "D05"]
[WhiteElo "1357"]
[BlackElo "1417"]
[Annotator "NA"]
[PlyCount "83"]
[EventDate "2019.08.02"]
[EventType "swiss"]
[EventCountry "SVK"]
[SourceTitle "playchess.com"]
[Source "ChessBase"]
[SourceQuality "1"]
[TimeControl "40/5400+30:1800+30"]

1. d4 d5 2. Nf3 Nf6 3. e3 e6 4. Bd3 Be7 5. Nbd2 O-O 6. O-O Nbd7 7. e4 dxe4 8. Nxe4 Nxe4 9. Bxe4 Nf6 10. Bd3 b6 11. c3 Bb7 12. Re1 c5 13. Be3 Nd5 14. Ne5 Nxe3 15. Rxe3 cxd4 16. Bxh7+ Kh8 17. Qh5 Bg5 18. Rg3 Bh6 19. Nxf7+ Rxf7 20. Qxf7 dxc3 21. bxc3 Bd5 22. Bc2 Qf6 23. Qxf6 gxf6 24. Bb3 Bf4 25. Bxd5 exd5 26. Rd3 Rd8 27. Rad1 Be5 28. Rxd5 Rxd5 29. Rxd5 Bxc3 30. Rd8+ Kg7 31. Rd7+ Kg6 32. Rxa7 Bd4 33. Rd7 Bc5 34. a4 Bf8 35. g3 Bc5 36. Kg2 Bb4 37. f4 Bc5 38. g4 f5 39. g5 Bb4 40. Rc7 Ba5 41. Rc6+ Kg7 42. Rf6 1-0

[Event "EYCC Girls-U10 2019"]
[Site "Bratislava"]
[Date "2019.08.07"]
[Round "6.3"]
[White "Stoll, Lucia"]
[Black "Petrenko, Maryna"]
[Result "1-0"]
[ECO "B31"]
[WhiteElo "1403"]
[BlackElo "1335"]
[Annotator "NA"]
[PlyCount "161"]
[EventDate "2019.08.02"]
[EventType "swiss"]
[EventCountry "SVK"]
[SourceTitle "playchess.com"]
[Source "ChessBase"]
[SourceQuality "1"]
[TimeControl "40/5400+30:1800+30"]

1. e4 c5 2. Nf3 Nc6 3. Bb5 g6 4. c3 Nf6 5. e5 Nd5 6. d4 cxd4 7. Bxc6 dxc6 8. cxd4 Bg7 9. O-O O-O 10. Nc3 Bf5 11. Bd2 Nb4 12. Be3 c5 13. d5 Nd3 14. h3 c4 15. Qe2 Qc8 16. Bg5 f6 17. exf6 exf6 18. Be3 Re8 19. Qd2 Ne5 20. Nd4 Bd3 21. Rfe1 Nd7 22. Ndb5 Bf8 23. d6 Ne5 24. Nd5 Kg7 25. Bh6+ Kf7 26. Ndc7 Rd8 27. Nxa8 Qxa8 28. Bxf8 Kxf8 29. Qh6+ Kg8 30. Nc7 Qc8 31. Nd5 Qe6 32. Ne7+ Kh8 33. Nxg6+ Bxg6 34. f4 Nf7 35. Rxe6 Nxh6 36. Rd1 Bd3 37. Rxf6 Kg7 38. Re6 Nf5 39. g4 Nxd6 40. Re7+ Kf8 41. Re6 Kf7 42. f5 a6 43. Kf2 Nb5 44. Kg3 Rd4 45. Rde1 Rd7 46. Kf4 Nd4 47. h4 Rc7 48. Rd6 Nb5 49. Rh6 Kg7 50. Rhe6 Kf7 51. h5 Nd4 52. Rd6 Nc6 53. Kg5 Ne7 54. Rh6 Kg8 55. Rhe6 Kf7 56. Kh6 Nxf5+ 57. gxf5 Bxf5 58. R6e5 Kf6 59. Rd5 Bd3 60. Rd8 Rf7 61. Rd6+ Kf5 62. Rd5+ Kf6 63. Re3 Rc7 64. Rd8 Kf7 65. Rd6 Bb1 66. a3 Bd3 67. Re5 Bb1 68. Kg5 Kg7 69. h6+ Kg8 70. Rf6 Bg6 71. Rd5 Rc8 72. Rd7 Bd3 73. Rxb7 Rc5+ 74. Kf4 Rc8 75. Ke5 Be2 76. Kd4 Bd3 77. Kc3 Be4 78. Ra7 Bd3 79. Rfxa6 Be4 80. Rf6 Bd3 81. a4 1-0

[Event "EYCC Girls-U10 2019"]
[Site "Bratislava"]
[Date "2019.08.07"]
[Round "6.4"]
[White "Prochaieva, Alina"]
[Black "Liashkevich, Lizaveta"]
[Result "1-0"]
[ECO "B53"]
[WhiteElo "1247"]
[BlackElo "1406"]
[Annotator "NA"]
[PlyCount "163"]
[EventDate "2019.08.02"]
[EventType "swiss"]
[EventCountry "SVK"]
[SourceTitle "playchess.com"]
[Source "ChessBase"]
[SourceQuality "1"]
[TimeControl "40/5400+30:1800+30"]

1. e4 c5 2. Nf3 d6 3. d4 cxd4 4. Qxd4 Nc6 5. Qd3 e6 6. c4 Nf6 7. Nc3 Be7 8. Be2 a6 9. O-O O-O 10. Rd1 Qd7 11. Bf4 Rd8 12. Rac1 b6 13. e5 dxe5 14. Nxe5 Nxe5 15. Bxe5 Qxd3 16. Rxd3 Rxd3 17. Bxd3 Nd7 18. Bg3 Nc5 19. Be2 Ra7 20. Rd1 Rd7 21. Rxd7 Nxd7 22. Bf3 Bd8 23. Bd6 f6 24. Bc6 Nf8 25. Ne2 f5 26. Kf1 Kf7 27. Nf4 g5 28. Nd3 Ng6 29. Ke2 Bf6 30. Ke3 e5 31. f3 f4+ 32. Ke4 Ke6 33. Bc7 Ne7 34. Bd5+ Kd7 35. Bxe5 Bxe5 36. Kxe5 Ke8 37. Be4 h6 38. Kd6 Bf5 39. Nf2 Bxe4 40. fxe4 h5 41. h3 Ng6 42. Kc7 Ne5 43. b3 Nd7 44. Nd3 Nc5 45. Nf2 Nd7 46. b4 Ke7 47. Nd3 Ke6 48. c5 bxc5 49. bxc5 Ne5 50. Nf2 g4 51. hxg4 hxg4 52. c6 g3 53. Nh3 Ng6 54. Kb7 Ke5 55. Ng5 Ne7 56. c7 Kd4 57. c8=Q Nxc8 58. Kxc8 Ke3 59. e5 Kf2 60. e6 Kxg2 61. e7 f3 62. Nxf3 Kxf3 63. e8=Q g2 64. Qg6 Kf2 65. Qf5+ Kg3 66. Qg5+ Kf2 67. Qf4+ Ke2 68. Qg3 Kf1 69. Qf3+ Kg1 70. Kb7 a5 71. Kb6 Kh2 72. Qh5+ Kg3 73. Qg5+ Kf2 74. Qf4+ Ke2 75. Qg3 Kf1 76. Qf3+ Kg1 77. Kxa5 Kh2 78. Qh5+ Kg3 79. Qg5+ Kf2 80. Qf4+ Kg1 81. Kb6 Kh1 82. Qh4+ 1-0

[Event "EYCC Girls-U10 2019"]
[Site "Bratislava"]
[Date "2019.08.07"]
[Round "6.5"]
[White "Fedorova, Olesya"]
[Black "Shatil, Or"]
[Result "1-0"]
[ECO "B22"]
[WhiteElo "1516"]
[BlackElo "1185"]
[Annotator "NA"]
[PlyCount "65"]
[EventDate "2019.08.02"]
[EventType "swiss"]
[EventCountry "SVK"]
[SourceTitle "playchess.com"]
[Source "ChessBase"]
[SourceQuality "1"]
[TimeControl "40/5400+30:1800+30"]

1. e4 c5 2. c3 d5 3. exd5 Qxd5 4. d4 Nf6 5. Nf3 Bg4 6. dxc5 Qxc5 7. Na3 a6 8. Be3 Qc7 9. h3 Bh5 10. g4 Bg6 11. Qa4+ Nbd7 12. O-O-O e6 13. Bf4 Qc8 14. Bg2 Ne4 15. Ne5 b5 16. Qd4 Nxe5 17. Bxe4 Bxe4 18. Qxe4 Ng6 19. Nc2 Bc5 20. Be3 O-O 21. h4 Bxe3+ 22. Nxe3 Qc7 23. h5 Nf4 24. h6 g6 25. g5 Rad8 26. Ng4 Qc4 27. Qe5 Ne2+ 28. Kb1 f6 29. Nxf6+ Kf7 30. Nxh7 Ke7 31. Nxf8 Rxf8 32. Qd6+ Kf7 33. Qd7+ 1-0

[Event "EYCC Girls-U10 2019"]
[Site "Bratislava"]
[Date "2019.08.07"]
[Round "6.6"]
[White "Mgeladze, Kesaria"]
[Black "Smietanska, Wiktoria"]
[Result "0-1"]
[ECO "B14"]
[WhiteElo "1294"]
[BlackElo "1547"]
[Annotator "NA"]
[PlyCount "133"]
[EventDate "2019.08.02"]
[EventType "swiss"]
[EventCountry "SVK"]
[SourceTitle "playchess.com"]
[Source "ChessBase"]
[SourceQuality "1"]
[TimeControl "40/5400+30:1800+30"]

1. e4 c6 2. d4 d5 3. exd5 cxd5 4. c4 Nf6 5. Nc3 g6 6. cxd5 Bg7 7. Bc4 O-O 8. Nge2 b6 9. O-O Bb7 10. Nf4 Na6 11. Re1 Nc7 12. Qb3 Qd6 13. Nd3 Bxd5 14. Bf4 Qc6 15. Nb4 Qxc4 16. Nbxd5 Qxb3 17. Nxe7+ Kh8 18. axb3 Ne6 19. Be5 Rfd8 20. Nc6 Rd7 21. Nb5 a6 22. Nd6 Nd5 23. b4 Kg8 24. Red1 f6 25. Bg3 Bf8 26. Ne4 f5 27. Nc3 f4 28. Re1 Re8 29. Nxd5 Rxd5 30. Bxf4 Kf7 31. Be3 Rc8 32. Ne5+ Kf6 33. Nf3 Bxb4 34. Red1 a5 35. Kf1 Rc2 36. Rab1 b5 37. Ne5 a4 38. Nd3 Ba5 39. Nc5 Nxc5 40. dxc5 Ke6 41. Rxd5 Kxd5 42. Rd1+ Kc4 43. Bd4 Bd2 44. Bg7 Kxc5 45. g4 g5 46. Kg2 Kc4 47. Kf3 b4 48. Ke4 a3 49. bxa3 bxa3 50. f3 a2 51. Kf5 Kd3 52. Ra1 Rc5+ 53. Ke6 Ra5 54. Kf7 Kc2 55. Kg8 Ra7 56. Bf6 h6 57. Kf8 Bc3 58. Bxc3 Kxc3 59. Kg8 Kb2 60. Rxa2+ Kxa2 61. h3 Kb3 62. Kh8 Kc4 63. Kg8 Kd5 64. Kh8 Ke6 65. Kg8 Kf6 66. Kh8 Kg6 67. f4 0-1

[Event "EYCC Girls-U10 2019"]
[Site "Bratislava"]
[Date "2019.08.07"]
[Round "6.7"]
[White "Seyhan, Pelin"]
[Black "Sidorenja, Milena"]
[Result "0-1"]
[ECO "A01"]
[WhiteElo "1333"]
[BlackElo "1573"]
[Annotator "NA"]
[PlyCount "78"]
[EventDate "2019.08.02"]
[EventType "swiss"]
[EventCountry "SVK"]
[SourceTitle "playchess.com"]
[Source "ChessBase"]
[SourceQuality "1"]
[TimeControl "40/5400+30:1800+30"]

1. b3 d5 2. e4 d4 3. Bb2 c5 4. Nf3 a6 5. g3 Bg4 6. Bg2 Nc6 7. h3 Bh5 8. d3 e6 9. Nbd2 Bd6 10. Nc4 Bc7 11. g4 Bg6 12. a3 Nge7 13. Qd2 b5 14. Qg5 bxc4 15. Qxc5 cxd3 16. cxd3 Bb6 17. Qg5 O-O 18. h4 h6 19. Qf4 Bh7 20. h5 f5 21. gxf5 exf5 22. exf5 Rxf5 23. Qg3 Bc7 24. Qg4 Rf4 25. Qe6+ Kh8 26. Nh4 Qf8 27. Bxc6 Nxc6 28. Qxc6 Re8+ 29. Kd1 Rxf2 30. Bxd4 Qe7 31. Qxe8+ Qxe8 32. Bxf2 Qxh5+ 33. Kd2 Qd5 34. d4 Qxb3 35. Be3 Qc2+ 36. Ke1 Bd3 37. Ng6+ Kh7 38. Nf8+ Kg8 39. Bd2 Bg3# 0-1

[Event "EYCC Girls-U10 2019"]
[Site "Bratislava"]
[Date "2019.08.07"]
[Round "6.8"]
[White "Kirtadze, Anastasia"]
[Black "Sosovickova, Martina"]
[Result "1-0"]
[ECO "E06"]
[WhiteElo "1532"]
[BlackElo "1200"]
[Annotator "NA"]
[PlyCount "119"]
[EventDate "2019.08.02"]
[EventType "swiss"]
[EventCountry "SVK"]
[SourceTitle "playchess.com"]
[Source "ChessBase"]
[SourceQuality "1"]
[TimeControl "40/5400+30:1800+30"]

1. d4 d5 2. c4 e6 3. g3 Nf6 4. Bg2 Be7 5. Nf3 O-O 6. O-O dxc4 7. Nbd2 b5 8. a4 c6 9. Ne5 Nd5 10. Ne4 Bb7 11. Nc3 Nxc3 12. bxc3 Qc8 13. Nf3 f6 14. e4 Rd8 15. Qe2 a6 16. Bh3 Kh8 17. Bf4 Re8 18. Rfd1 Bf8 19. e5 f5 20. Nh4 Qd7 21. Qh5 Kg8 22. Nxf5 g6 23. Nh6+ Bxh6 24. Qxh6 Qf7 25. Bg2 Qc7 26. a5 Nd7 27. Qg5 Qd8 28. Qg4 Qe7 29. Bh6 Qf7 30. Be4 Kh8 31. Re1 Rab8 32. Bf4 c5 33. Bxb7 Rxb7 34. Qf3 Rc7 35. Qe2 Rcc8 36. Be3 Rf8 37. f4 cxd4 38. Bxd4 Nc5 39. Bxc5 Rxc5 40. Rad1 Rcc8 41. Qe4 Rfd8 42. Rd6 Ra8 43. Qd4 Re8 44. Rd7 Qf8 45. Rd1 Rec8 46. Rd6 Qf5 47. Rd7 Re8 48. Rc7 Qf8 49. Rd7 Qf5 50. Kg2 Rec8 51. Rb7 Qf8 52. Qd7 Qg8 53. Qe7 Rf8 54. Rdd7 Rf5 55. Qd6 h5 56. Qc6 Raf8 57. Qc7 R5f7 58. Rxf7 Rxf7 59. Qxf7 Qxf7 60. Rxf7 1-0

[Event "EYCC Girls-U10 2019"]
[Site "Bratislava"]
[Date "2019.08.07"]
[Round "6.9"]
[White "Artissi, Sabina"]
[Black "Zavivaeva, Evelina"]
[Result "0-1"]
[ECO "D37"]
[WhiteElo "1419"]
[BlackElo "1302"]
[Annotator "NA"]
[PlyCount "50"]
[EventDate "2019.08.02"]
[EventType "swiss"]
[EventCountry "SVK"]
[SourceTitle "playchess.com"]
[Source "ChessBase"]
[SourceQuality "1"]
[TimeControl "40/5400+30:1800+30"]

1. Nf3 d5 2. d4 Nf6 3. c4 e6 4. Nc3 Be7 5. Bf4 O-O 6. e3 Nbd7 7. Bd3 dxc4 8. Bxc4 b6 9. Nb5 Bb4+ 10. Nd2 Ne4 11. Nxc7 Nxd2 12. Qa4 a5 13. a3 Nxc4+ 14. axb4 e5 15. Nxa8 exf4 16. Qc6 Bb7 17. Qxb7 Qxa8 18. Qxd7 Qxg2 19. Rf1 fxe3 20. Ke2 exf2 21. Kd3 b5 22. Qxb5 Qf3+ 23. Kc2 Rc8 24. Kb1 Nd2+ 25. Ka2 Qb3# 0-1

[Event "EYCC Girls-U10 2019"]
[Site "Bratislava"]
[Date "2019.08.07"]
[Round "6.10"]
[White "Bendik, Margarita"]
[Black "Bat, Anu"]
[Result "1-0"]
[ECO "C60"]
[WhiteElo "1188"]
[BlackElo "1457"]
[Annotator "NA"]
[PlyCount "65"]
[EventDate "2019.08.02"]
[EventType "swiss"]
[EventCountry "SVK"]
[SourceTitle "playchess.com"]
[Source "ChessBase"]
[SourceQuality "1"]
[TimeControl "40/5400+30:1800+30"]

1. e4 e5 2. Nf3 Nc6 3. Bb5 Nge7 4. d3 a6 5. Bc4 g6 6. Ng5 d5 7. exd5 Nxd5 8. Qf3 Be6 9. Nxe6 fxe6 10. c3 Bg7 11. O-O Qd7 12. Nd2 O-O-O 13. Ne4 Rdf8 14. Qh3 Re8 15. a4 Na5 16. Rd1 h6 17. b4 Nc6 18. b5 Nb8 19. Ba3 a5 20. Nc5 Qd6 21. Nxb7 Qd7 22. Nc5 Nf4 23. Qf3 Qf7 24. Qb7+ Kd8 25. Qxb8+ Ke7 26. Na6+ Kf6 27. Qxc7 Qg8 28. Nc5 Ne2+ 29. Kf1 Nxc3 30. Re1 Rc8 31. Qxe5+ Ke7 32. Nxe6+ Ke8 33. Nxg7+ 1-0

[Event "EYCC Girls-U10 2019"]
[Site "Bratislava"]
[Date "2019.08.07"]
[Round "6.11"]
[White "Toth, Lili"]
[Black "Salmina, Veronika"]
[Result "1-0"]
[ECO "E95"]
[WhiteElo "2199"]
[BlackElo "1335"]
[Annotator "NA"]
[PlyCount "143"]
[EventDate "2019.08.02"]
[EventType "swiss"]
[EventCountry "SVK"]
[SourceTitle "playchess.com"]
[Source "ChessBase"]
[SourceQuality "1"]
[TimeControl "40/5400+30:1800+30"]

1. d4 Nf6 2. c4 g6 3. Nc3 Bg7 4. e4 d6 5. Be2 O-O 6. Nf3 Nbd7 7. O-O e5 8. Re1 exd4 9. Nxd4 Nc5 10. f3 a5 11. Be3 Nfd7 12. Qc2 Ne6 13. Rad1 Nxd4 14. Bxd4 Bxd4+ 15. Rxd4 f5 16. exf5 Qf6 17. Rdd1 Qxf5 18. Qxf5 gxf5 19. Nd5 c6 20. Ne7+ Kg7 21. Nxc8 Raxc8 22. Rxd6 Nc5 23. Bd3 Nxd3 24. Rxd3 Rf7 25. c5 Rcc7 26. Kf2 Rcd7 27. Red1 Rxd3 28. Rxd3 Re7 29. Ra3 Rd7 30. b3 f4 31. g3 Rd2+ 32. Kg1 Rd1+ 33. Kg2 Rd2+ 34. Kh3 fxg3 35. hxg3 Kg6 36. g4 Rd3 37. Kg3 Rd5 38. Rxa5 b6 39. Ra6 Rxc5 40. Rxb6 Kg5 41. Rb7 h5 42. gxh5 Kxh5 43. Rh7+ Kg6 44. Rh4 Kg5 45. Rc4 Ra5 46. a4 c5 47. f4+ Kf5 48. Kf3 Ke6 49. Ke4 Kd6 50. f5 Ra7 51. f6 Ke6 52. Rxc5 Kxf6 53. Rc6+ Ke7 54. Rh6 Ra5 55. Rb6 Kd7 56. Kd4 Kc7 57. Rb5 Ra6 58. Kc5 Rc6+ 59. Kb4 Ra6 60. a5 Kc6 61. Ka4 Kc7 62. b4 Kc6 63. Rh5 Kb7 64. Rh7+ Kb8 65. b5 Rg6 66. a6 Rg8 67. b6 Rc8 68. a7+ Ka8 69. b7+ Kxa7 70. bxc8=Q+ Kb6 71. Qc7+ Ka6 72. Qa7# 1-0

[Event "EYCC Girls-U10 2019"]
[Site "Bratislava"]
[Date "2019.08.07"]
[Round "6.12"]
[White "Ismayilova, Khanim"]
[Black "Arzur, Maia"]
[Result "0-1"]
[ECO "D00"]
[WhiteElo "1265"]
[BlackElo "1507"]
[Annotator "NA"]
[PlyCount "120"]
[EventDate "2019.08.02"]
[EventType "swiss"]
[EventCountry "SVK"]
[SourceTitle "playchess.com"]
[Source "ChessBase"]
[SourceQuality "1"]
[TimeControl "40/5400+30:1800+30"]

1. d4 d5 2. Bf4 Nc6 3. Nf3 Nf6 4. e3 a6 5. c3 Bf5 6. Bd3 Bg6 7. Bc2 e6 8. Nbd2 Bd6 9. Ne5 Bxe5 10. Bxe5 Nxe5 11. dxe5 Nd7 12. Nf3 Bh5 13. Qd4 c5 14. Qf4 Bxf3 15. gxf3 Qc7 16. Rg1 g6 17. O-O-O Qxe5 18. Qh4 Qf6 19. Qg3 O-O-O 20. e4 Nb6 21. e5 Qe7 22. f4 Nd7 23. Rge1 c4 24. h4 h5 25. Ba4 b5 26. Bc2 a5 27. Rh1 Rhg8 28. Qe3 Qc5 29. Rhg1 b4 30. Ba4 Qxe3+ 31. fxe3 Nc5 32. Bc2 Kc7 33. Kd2 Rb8 34. Rb1 Kd7 35. Rgc1 b3 36. axb3 Nxb3+ 37. Bxb3 Rxb3 38. Rc2 Ke7 39. Ra1 Ra8 40. Ra4 Rab8 41. Rxa5 Rxb2 42. Ra1 Rb1 43. Rxb1 Rxb1 44. Rc1 Rxc1 45. Kxc1 f6 46. Kd2 fxe5 47. fxe5 Kf7 48. Ke2 g5 49. hxg5 Kg6 50. Kf3 Kxg5 51. e4 dxe4+ 52. Kxe4 h4 53. Kf3 Kf5 54. Kg2 Kxe5 55. Kh3 Ke4 56. Kxh4 Kd3 57. Kg3 Kxc3 58. Kf3 Kd2 59. Kf2 c3 60. Kf3 c2 0-1

[Event "EYCC Girls-U10 2019"]
[Site "Bratislava"]
[Date "2019.08.07"]
[Round "6.13"]
[White "Bagas, Ana"]
[Black "Zadrapova, Amalie"]
[Result "0-1"]
[ECO "B26"]
[WhiteElo "1442"]
[BlackElo "1248"]
[Annotator "NA"]
[PlyCount "64"]
[EventDate "2019.08.02"]
[EventType "swiss"]
[EventCountry "SVK"]
[SourceTitle "playchess.com"]
[Source "ChessBase"]
[SourceQuality "1"]
[TimeControl "40/5400+30:1800+30"]

1. e4 c5 2. Nc3 d6 3. g3 Nc6 4. Bg2 g6 5. d3 Bg7 6. Be3 e6 7. Qd2 Rb8 8. Nge2 Nd4 9. Nd1 Ne7 10. O-O O-O 11. Nxd4 cxd4 12. Bh6 b5 13. h4 Qc7 14. Bxg7 Kxg7 15. h5 h6 16. hxg6 fxg6 17. Kh2 Bb7 18. Rh1 Rh8 19. Kg1 Rbf8 20. a4 Ba6 21. axb5 Bxb5 22. Qa5 Qxa5 23. Rxa5 a6 24. f3 Rc8 25. Bh3 Rxc2 26. Bxe6 Bxd3 27. Bb3 Rc1 28. Kf2 Rb8 29. Ra3 Rbc8 30. Ke1 Bc2 31. Bxc2 R8xc2 32. Rxa6 d3 0-1

[Event "EYCC Girls-U10 2019"]
[Site "Bratislava"]
[Date "2019.08.07"]
[Round "6.14"]
[White "Szarvas, Nora"]
[Black "Kusakina, Uliana"]
[Result "0-1"]
[ECO "C21"]
[WhiteElo "1240"]
[BlackElo "1364"]
[Annotator "NA"]
[PlyCount "64"]
[EventDate "2019.08.02"]
[EventType "swiss"]
[EventCountry "SVK"]
[SourceTitle "playchess.com"]
[Source "ChessBase"]
[SourceQuality "1"]
[TimeControl "40/5400+30:1800+30"]

1. e4 e5 2. d4 exd4 3. c3 d3 4. Bxd3 Nc6 5. Nf3 Bc5 6. Bc4 Nge7 7. Ng5 Ne5 8. Qb3 O-O 9. Bf4 Nxc4 10. Qxc4 d6 11. O-O h6 12. Nf3 Be6 13. Qe2 Ng6 14. Be3 Bb6 15. Nd4 Qd7 16. Nxe6 fxe6 17. Bxb6 axb6 18. Qg4 Ne5 19. Qg3 Rf6 20. Rd1 Qb5 21. b3 Raf8 22. Rf1 Rg6 23. c4 Qe8 24. Qe3 Nf3+ 25. Kh1 Rxg2 26. Kxg2 Qg6+ 27. Kh1 Qh5 28. Qxf3 Qxf3+ 29. Kg1 Rf6 30. Rc1 Qxf2+ 31. Kh1 Qf3+ 32. Kg1 Rg6# 0-1

[Event "EYCC Girls-U10 2019"]
[Site "Bratislava"]
[Date "2019.08.07"]
[Round "6.15"]
[White "Stefan, Iulia-Cristiana"]
[Black "Toth, Timea"]
[Result "1-0"]
[ECO "B24"]
[WhiteElo "1389"]
[BlackElo "1964"]
[Annotator "NA"]
[PlyCount "65"]
[EventDate "2019.08.02"]
[EventType "swiss"]
[EventCountry "SVK"]
[SourceTitle "playchess.com"]
[Source "ChessBase"]
[SourceQuality "1"]
[TimeControl "40/5400+30:1800+30"]

1. e4 c5 2. Nc3 Nc6 3. g3 g6 4. Bg2 Bg7 5. d3 Nf6 6. Nh3 O-O 7. O-O d6 8. f4 Bg4 9. Qd2 Nd4 10. Nf2 Qd7 11. h3 Bf3 12. Nfd1 Bxg2 13. Qxg2 b5 14. Ne3 b4 15. Ncd5 Nxd5 16. Nxd5 e6 17. Ne3 a5 18. g4 f5 19. exf5 exf5 20. Nd5 Rab8 21. g5 Rfe8 22. Be3 Rb7 23. Rfe1 Nc6 24. Rab1 Ne7 25. Bf2 Kf8 26. Nf6 Bxf6 27. gxf6 Nc6 28. Rxe8+ Qxe8 29. Re1 Qc8 30. Qd5 Nd8 31. Qxd6+ Kg8 32. Re8+ Kf7 33. Qf8# 1-0

[Event "EYCC Girls-U10 2019"]
[Site "Bratislava"]
[Date "2019.08.07"]
[Round "6.16"]
[White "Abbasova, Zarifa"]
[Black "Mkrtchyan, Anahit H."]
[Result "0-1"]
[ECO "C58"]
[WhiteElo "1353"]
[BlackElo "1155"]
[Annotator "NA"]
[PlyCount "66"]
[EventDate "2019.08.02"]
[EventType "swiss"]
[EventCountry "SVK"]
[SourceTitle "playchess.com"]
[Source "ChessBase"]
[SourceQuality "1"]
[TimeControl "40/5400+30:1800+30"]

1. e4 e5 2. Nf3 Nc6 3. Bc4 Nf6 4. Ng5 d5 5. exd5 Na5 6. Bb5+ c6 7. dxc6 bxc6 8. Qf3 Be7 9. Bxc6+ Nxc6 10. Qxc6+ Bd7 11. Qc4 O-O 12. Qe2 Nd5 13. Ne4 Nf4 14. Qf3 f5 15. Nec3 Rc8 16. d4 Bc6 17. d5 Nxd5 18. Nxd5 Bxd5 19. Qd1 Bxg2 20. Qxd8 Rfxd8 21. Rg1 Rxc2 22. Nc3 Bf3 23. Bh6 g6 24. Rg3 e4 25. Be3 Bd6 26. Bg5 Bxg3 27. Bxd8 Bxf2+ 28. Kf1 Rxb2 29. Bf6 Rc2 30. Rb1 Bb6 31. Nd5 Rf2+ 32. Ke1 Rxh2 33. Rc1 Rh3 0-1

[Event "EYCC Girls-U10 2019"]
[Site "Bratislava"]
[Date "2019.08.07"]
[Round "6.17"]
[White "Mence, Eline"]
[Black "Kuznecova, Marija"]
[Result "0-1"]
[ECO "B07"]
[WhiteElo "1162"]
[BlackElo "1375"]
[Annotator "NA"]
[PlyCount "48"]
[EventDate "2019.08.02"]
[EventType "swiss"]
[EventCountry "SVK"]
[SourceTitle "playchess.com"]
[Source "ChessBase"]
[SourceQuality "1"]
[TimeControl "40/5400+30:1800+30"]

1. e4 d6 2. d4 Nf6 3. Nc3 Nbd7 4. f3 e5 5. Nge2 Be7 6. Be3 c6 7. Qd2 b5 8. g4 h6 9. h4 Qc7 10. Ng3 Nb6 11. Be2 b4 12. Nd1 a5 13. Nf2 Na4 14. O-O-O Be6 15. Kb1 Qb8 16. Qd3 Nc3+ 17. Ka1 Nxd1 18. Rxd1 b3 19. a3 bxc2 20. Qxc2 exd4 21. Bxd4 O-O 22. Qd2 Qb3 23. Kb1 Qa2+ 24. Kc2 Bb3+ 0-1

[Event "EYCC Girls-U10 2019"]
[Site "Bratislava"]
[Date "2019.08.07"]
[Round "6.20"]
[White "Horkova, Tereza"]
[Black "Haapsal, Maria Ioanna"]
[Result "1-0"]
[ECO "B33"]
[WhiteElo "1287"]
[BlackElo "1127"]
[Annotator "NA"]
[PlyCount "83"]
[EventDate "2019.08.02"]
[EventType "swiss"]
[EventCountry "SVK"]
[SourceTitle "playchess.com"]
[Source "ChessBase"]
[SourceQuality "1"]
[TimeControl "40/5400+30:1800+30"]

1. e4 c5 2. Nf3 e6 3. d4 cxd4 4. Nxd4 Nc6 5. Nc3 Nf6 6. Ndb5 d6 7. Bf4 e5 8. Bg5 a6 9. Na3 b5 10. Bxf6 Qxf6 11. Nd5 Qd8 12. c3 Be6 13. Nc2 Rc8 14. Nce3 Qa5 15. Be2 b4 16. O-O bxc3 17. bxc3 Bxd5 18. Nxd5 Be7 19. Bg4 Rb8 20. Qf3 Qd8 21. Rfe1 g6 22. Qd3 Ra8 23. Qc4 Na5 24. Qa4+ Kf8 25. Rab1 Ra7 26. Rb6 Nb7 27. Reb1 Nc5 28. Qc6 Ra8 29. Nc7 Ra7 30. Rb8 Rxc7 31. Rxd8+ Bxd8 32. Qxd6+ Ke8 33. Qxe5+ Kf8 34. Qxh8+ Ke7 35. Rb8 Nb7 36. Rxd8 Nxd8 37. Qe5+ Ne6 38. Bxe6 fxe6 39. Qxc7+ Kf6 40. f4 a5 41. g4 h6 42. e5# 1-0

[Event "EYCC Girls-U10 2019"]
[Site "Bratislava"]
[Date "2019.08.07"]
[Round "6.21"]
[White "Pavesi, Bianca"]
[Black "Novomeska, Karin"]
[Result "1/2-1/2"]
[ECO "D02"]
[WhiteElo "1537"]
[BlackElo "1269"]
[Annotator "NA"]
[PlyCount "129"]
[EventDate "2019.08.02"]
[EventType "swiss"]
[EventCountry "SVK"]
[SourceTitle "playchess.com"]
[Source "ChessBase"]
[SourceQuality "1"]
[TimeControl "40/5400+30:1800+30"]

1. d4 d5 2. Nf3 e6 3. e3 c5 4. b3 cxd4 5. exd4 Nc6 6. Bd3 Qa5+ 7. Nbd2 Qc3 8. Rb1 Nxd4 9. Nxd4 Qxd4 10. Nf3 Qb6 11. O-O Nf6 12. Bb2 Be7 13. Qe2 Bd7 14. Kh1 a6 15. a4 Qc5 16. Bd4 Qc7 17. Ne5 Bc5 18. Bb2 Qd6 19. Rbd1 Ba3 20. Bxa3 Qxa3 21. Nxd7 Nxd7 22. Bf5 Qe7 23. Rfe1 Nf6 24. Bg4 O-O 25. Bf3 Qc7 26. Rd2 Qc5 27. Rc1 b5 28. Ra1 bxa4 29. Rxa4 Qb5 30. Qe1 Ne4 31. Bxe4 dxe4 32. Rxe4 Qc6 33. Red4 Qc7 34. Rd7 Qa5 35. Qd1 g6 36. h3 Qc5 37. R7d4 Qe5 38. Re2 Qf5 39. Red2 Rac8 40. Rd6 a5 41. R6d3 Qf6 42. Rf3 Qe7 43. Rfd3 Kg7 44. Qa1+ Qf6 45. Qxa5 Qf5 46. Qxf5 exf5 47. Kh2 Rc7 48. Rd7 Rc6 49. R7d6 Rcc8 50. Rb6 Rc7 51. c4 Rc5 52. Rc2 Rfc8 53. Kg3 R5c6 54. Rxc6 Rxc6 55. c5 Rc8 56. c6 Kf6 57. b4 Ke6 58. b5 Kd6 59. Kf4 f6 60. g4 fxg4 61. hxg4 Kc7 62. Ke4 Re8+ 63. Kd5 Rd8+ 64. Ke6 Re8+ 65. Kd5 1/2-1/2